Map: Acropolis LE

Players

Namshar - Winner!

  • Race: Zerg Zerg
  • League: Grandmaster
  • Spawn Location: 11:00

Elazer

  • Race: Zerg Zerg
  • League: Grandmaster
  • Spawn Location: 5:00

Event: HomeStory Cup XIX

VOD

Have the link to the VOD?

Description

Time

  • Played on: June 28, 2019, 12:04 p.m.
  • Length: 6:46

All games in this series

Show
View Real Time Build Order
Export as new Build Order

Namshar Zerg - Winner!

Build Orders: Hatch First, Roach Nydus 

Get SALT Encoding   

  12  0:00  Drone  
  13  0:12  Overlord  
  13  0:17  Drone  
  14  0:30  Drone x2  
  16  0:47  Hatchery  
  15  0:50  Drone  
  15  0:54  Drone  
  17  0:57  Drone  
  18  1:08  Extractor  
  17  1:12  Spawning Pool  
  17  1:16  Drone  
  17  1:19  Drone  
  18  1:27  Drone  
  19  1:39  Drone  
  20  1:50  Drone  
  21  1:59  Drone, Queen x2, Overlord  
  26  2:09  Metabolic Boost  
  26  2:11  Drone  
  26  2:12  Drone  
  28  2:21  Drone x2  
  30  2:32  Drone x2  
  30  2:36  Hatchery  
  31  2:42  Drone  
  32  2:47  Baneling Nest, Overlord  
  31  2:53  Drone  
  31  2:54  Drone  
  33  3:02  Queen  
  33  3:03  Zergling x2  
  36  3:09  Zergling x2, Drone x3  
  36  3:11  Zergling x2  
  36  3:12  Zergling x2  
  42  3:20  Evolution Chamber  
  42  3:22  Overlord  
  42  3:23  Drone  
  42  3:32  Baneling  
  42  3:34  Overlord  
  42  3:35  Drone x2  
  42  3:40  Drone x3  
  47  3:43  Drone  
  47  3:44  Drone x3  
  51  3:49  Drone x2  
  51  3:53  Lair  
  51  3:55  Extractor  
  52  3:56  Extractor  
  52  4:00  Roach Warren  
  50  4:06  Drone x4  
  53  4:11  Drone x3  
  53  4:13  Zerg Missile Weapons Level 1  
  56  4:17  Overlord  
  56  4:20  Drone  
  56  4:21  Drone x2  
  56  4:22  Drone x2  
  61  4:28  Overlord  
  61  4:29  Drone x2  
  63  4:34  Extractor x2  
  63  4:37  Drone x2  
  63  4:46  Drone  
  63  4:47  Drone x7  
  63  4:52  Glial Reconstitution  
  70  4:55  Roach x5  
  70  4:58  Overlord  
  80  5:01  Overlord  
  80  5:10  Overlord  
  80  5:11  Roach  
  82  5:18  Roach x2  
  82  5:19  Roach x2  
  89  5:24  Overlord  
  89  5:25  Overlord, Nydus Network  
  86  5:31  Roach x6  
  98  5:37  Overlord  
  98  5:40  Roach x3  
  104  5:47  Roach x4  
  112  5:51  Roach x3  
  112  5:53  Overlord  
  112  5:55  Overlord  
  112  5:56  Roach x2  
  122  6:00  Nydus Canal  
  122  6:03  Roach x3  
  128  6:13  Overlord x2  
  128  6:14  Roach x3  
  128  6:15  Nydus Canal  
  134  6:21  Roach x2  
  136  6:32  Nydus Canal  
Show
View Real Time Build Order
Export as new Build Order

Elazer Zerg 

Build Orders: Hatch First 

Get SALT Encoding   

  12  0:00  Drone  
  13  0:12  Overlord  
  13  0:16  Drone  
  14  0:30  Drone x2  
  16  0:46  Hatchery  
  15  0:50  Drone  
  15  0:53  Drone  
  17  0:57  Drone  
  18  1:08  Extractor  
  17  1:12  Spawning Pool  
  17  1:15  Drone  
  18  1:18  Drone  
  18  1:27  Drone  
  19  1:38  Drone  
  20  1:49  Drone  
  21  1:58  Queen x2  
  21  2:00  Drone, Overlord  
  26  2:08  Metabolic Boost  
  26  2:09  Zergling x2  
  26  2:10  Drone  
  28  2:20  Drone  
  28  2:21  Drone  
  30  2:31  Drone  
  30  2:32  Drone  
  32  2:38  Hatchery  
  32  2:41  Drone  
  32  2:43  Drone  
  33  2:46  Baneling Nest  
  32  2:52  Drone  
  32  2:53  Overlord  
  33  3:02  Drone  
  33  3:05  Drone  
  35  3:10  Drone  
  35  3:11  Drone x3  
  39  3:13  Overlord  
  39  3:15  Queen  
  41  3:20  Zergling x4  
  41  3:22  Zergling x2  
  44  3:32  Evolution Chamber  
  44  3:33  Drone x2  
  45  3:36  Baneling  
  45  3:41  Drone x5  
  50  3:44  Drone x2  
  50  3:48  Overlord  
  51  3:50  Drone  
  51  3:53  Drone  
  51  3:55  Drone  
  54  4:01  Drone  
  55  4:05  Zerg Missile Weapons Level 1  
  55  4:06  Drone x2  
  57  4:10  Extractor  
  57  4:12  Drone, Extractor  
  57  4:14  Drone x3  
  57  4:15  Drone  
  60  4:17  Drone  
  60  4:18  Lair  
  60  4:23  Overlord  
  61  4:25  Drone x4  
  61  4:29  Drone  
  66  4:36  Overlord  
  66  4:38  Extractor  
  66  4:39  Extractor  
  66  4:43  Zergling x6  
  66  4:44  Zergling x2  
  68  4:46  Drone x4  
  68  4:49  Drone x2  
  73  4:54  Overlord, Roach Warren  
  73  4:57  Drone x2  
  73  4:58  Drone x2  
  76  5:00  Extractor  
  76  5:02  Pneumatized Carapace  
  76  5:04  Hatchery, Overlord  
  76  5:06  Zergling x2  
  74  5:12  Drone x2  
  76  5:15  Overseer  
  76  5:17  Drone  
  76  5:20  Drone  
  77  5:21  Drone x2  
  77  5:24  Overlord  
  78  5:29  Drone  
  78  5:32  Evolution Chamber  
  78  5:35  Roach x7  
  92  5:42  Roach  
  94  5:47  Roach x2  
  98  5:51  Roach  
  98  5:53  Queen  
  98  5:54  Overlord  
  98  5:55  Roach x2  
  106  5:59  Overlord  
  106  6:00  Overlord  
  106  6:03  Overlord  
  106  6:09  Overlord  
  106  6:14  Roach x4  
  115  6:18  Roach x4  
  115  6:21  Roach  
  115  6:24  Roach  
  115  6:25  Roach x3  
Tags
 
Add a new tag
Caveats
  • Supply blocks, unpowered buildings, or Contaminate may cause inaccurate times.
  • Supply counts are checked every 10 seconds.